 Dungeon Crawl Stone Soup version 0.31-b1-20-g67cafac56d (webtiles) character file.

Game seed: 2813088913254977533

3 Esekla the Sneak (level 1, 16/16 HPs)
             Began as an Octopode Delver on Jan 18, 2024.
             Quit the game on level 5 of the Dungeon.
             The game lasted 00:04:51 (318 turns).

Esekla the Sneak (Octopode Delver)                   Turns: 318, Time: 00:04:52

Health: 16/16      AC:  1    Str: 11    XL:     1   Next: 50%
Magic:  1/1        EV: 13    Int: 12    God:
Gold:   28         SH:  0    Dex: 13    Spells: 0/0 levels left

rFire   . . .        a - +0 falchion
rCold   . . .        (no shield)
rNeg    . . .        (helmet restricted)
rPois   .            (no amulet)
rElec   .            (no ring)
rCorr   .            (no ring)
SInv    .            (no ring)
Will    .....        (no ring)
Stlth   ++++         (no ring)
HPRegen 0.22/turn    (no ring)
MPRegen 0.07/turn    (no ring)
                     (no ring)

%: no passive effects
@: no status effects
A: almost no armour, amphibious, 8 rings, camouflage 1, gelatinous body 1,
(nimble swimmer 1), tentacles
a: no special abilities


You were on level 5 of the Dungeon.
You visited 1 branch of the dungeon, and saw 1 of its levels.

You collected 28 gold pieces.

Inventory:

Hand Weapons
 a - a +0 falchion (weapon)
 g - a +0 dagger
Wands
 f - a wand of digging (2)
Scrolls
 b - a scroll of fog
 c - a scroll of teleportation {unknown}
 d - a scroll of fear
Potions
 e - a potion of haste
 h - a potion of mutation {unknown}


   Skills:
 * Level 3.0 Fighting
 * Level 2.0 Long Blades
 * Level 2.0 Dodging
 + Level 6.8 Stealth


You couldn't memorise any spells.
You didn't know any spells.
Your spell library contained the following spells:

 Spells                   Type           Power      Damage    Failure   Level
 Apportation              Tloc           0%         N/A       32%         1
 Jinxbite                 Hex            0%         N/A       45%         2
 Alistair's Intoxication  Alch           0%         N/A       100%        5


Dungeon Overview and Level Annotations

Branches:
Dungeon (5/15)
 Temple: D:4-7

Altars:
Ru
Xom
Yredelemnul

Annotations:
D:5 1 runed translucent door


Innate Abilities, Weirdness & Mutations

You cannot wear most types of armour.
You are amphibious.
You can wear up to eight rings at the same time.
Your skin changes colour to match your surroundings (Stealth+).
Your rubbery body absorbs attacks. (AC +1, EV +1)
((You are camouflaged when in or above water. (Stealth+)))
You have tentacles for arms and can constrict up to eight enemies at once.


Message History

2 crimson imps come into view.
There is an open door here.
You close the door.
Found a sling.
Found an escape hatch in the floor.
You open the door.
Found a stone staircase leading up.
There is an open door here. 2 gnolls come into view.
A gnoll is wielding a +0 halberd and quivering 2 throwing nets.
There is a stone staircase leading up here.
There is a stone staircase leading up here.
There is an open door here.
Aiming: Dig
Press: ? - help, Shift-Dir - straight line The rock shatters into small pieces.
An iguana comes into view.
A bombardier beetle and an orc come into view.
The orc shouts!
You hear an angry hiss.
You completely miss the orc. You grab the orc. You constrict the orc.
The orc closely misses you.
You hit the orc. You squeeze the orc.
You kill the orc!
Things that are here:
a +0 club; a +0 leather armour; an orc corpse A jackal comes into view.
Found a sling.
A black bear comes into view.
A jelly comes into view.
The black bear growls angrily.
The jelly quivers.
As you read the scroll of fear, it crumbles to dust.
You assume a fearsome visage.
The jelly looks frightened!
The ice beast looks frightened!
The black bear looks frightened!
An adder comes into view.
The jelly jiggles.
Found a leather armour.
An adder zombie comes into view.
A bullfrog zombie comes into view.
Found a basalt altar of Yredelemnul.
A water moccasin zombie comes into view.
Are you sure you want to abandon this character and quit the game? (Confirm with "yes".)

*,,,,#*****,,,,,,*,**,*
*,,..#,,,,*****,**,**,*
#####....#,,,,******,,,,*,*
..........,,,,,*,*,,*>***,*******
###.......,,,♣,,*,,,,***#,,,,,,,,
*.......,,♣♣Z♣♣♣♣♣,*♣.#********
***.......,,♣..♣...♣,.♣.+,,*,,,,,
,,,.......,,♣...._.♣,...**,*,*,,,
,,,..#...g,,*,,♣@..♣...<,,,*,****
,,,..#....,,*,,♣♣♣.♣Z♣*,*,,,,,,,,
,,,..#,..g,,,,*,♣.♣.♣,,,*,,*,*,*,
******,,,,,,,,*♣.♣.♣Z.,,**,*,*,*,
*,,,,,,,,,♣.♣.♣#.#,**,*,*,*,
*,,,*****####.##.#,,,,*,*,** #
*,,,* #.....[.#**,,*,*,* # *****
#.##........,,,*,** #
###########.##########*,**,,,


You could see a water moccasin zombie (dormant) and a bullfrog zombie (dormant).

Vanquished Creatures
  An orc (D:5)
  A quokka (D:5)
2 creatures vanquished.

Notes
Turn   | Place    | Note
-------+----------+-------------------------------------------
     0 | D:5      | Esekla the Octopode Delver began the quest for the Orb.
     0 | D:5      | Reached XP level 1. HP: 16/16 MP: 1/1
     1 | D:5      | Found a runed translucent door.
    13 | D:5      | Noticed an orc wizard
    17 | D:5      | Noticed an ice beast
    17 | D:5      | Noticed an orc wizard
    41 | D:5      | Found a sacrificial altar of Ru.
   136 | D:5      | Found a shimmering altar of Xom.
   137 | D:5      | Noticed a crimson imp
   137 | D:5      | Noticed a crimson imp
   240 | D:5      | Noticed an iguana
   252 | D:5      | Noticed a bombardier beetle
   300 | D:5      | Noticed a black bear
   300 | D:5      | Noticed a jelly
   315 | D:5      | Found a basalt altar of Yredelemnul.
   317 | D:5      | Noticed a water moccasin zombie
   318 | D:5      | Quit the game

Illustrated notes

Levels and vault maps discovered:
D:5:      minmay_recursive_quarters, layout_basic, mainiacjoe_overflow_chevrons,
          led_xom_imps, nicolae_yredelemnul_corpse_copse, ebering_ghost_sewer_f,
          chequers_serial_rivers_micro_c

Action                     || total
---------------------------++-------
  Melee: Falchion          ||    10
         Constrict         ||     3
         Tentacles         ||     1
  Evoke: Wand              ||     1
    Use: Scroll            ||     3
 Armour: Skin              ||     6
  Dodge: Dodged            ||     5
